 Dungeon Crawl Stone Soup version 0.25.1-9-gc5326a611f (webtiles) character file.

Game seed: 11159791073633924368

903 jondo1214 the Chopper (level 8, 0/70 HPs)
             Began as a Hill Orc Fighter on Sept 14, 2021.
             Slain by a troll (5 damage)
             ... on level 5 of the Dungeon.
             The game lasted 00:14:52 (4656 turns).

jondo1214 the Chopper (Hill Orc Fighter)            Turns: 4656, Time: 00:14:52

Health: 0/70       AC: 14    Str: 20    XL:     8   Next: 7%
Magic:  8/8        EV:  6    Int:  9    God:
Gold:   195        SH: 14    Dex: 10    Spells: 7/7 levels left

rFire    . . .     SeeInvis .   a - +2 war axe
rCold    . . .     Gourm    .   e - +0 tower shield
rNeg     . . .     Faith    +   v - +0 plate armour
rPois    .         Spirit   .   (no helmet)
rElec    .         Reflect  .   s - +1 cloak {MR+}
rCorr    .         Harm     .   (no gloves)
MR       +....                  (no boots)
Stlth    ..........             r - amulet of faith
HPRegen  0.21/turn              c - ring of stealth
MPRegen  0.11/turn              u - +4 ring of evasion

@: no status effects
A: no striking features
a: Convert to Beogh


You were on level 5 of the Dungeon.
You were not hungry.

You visited 1 branch of the dungeon, and saw 5 of its levels.
You also visited: Sewer.

You collected 195 gold pieces.

Inventory:

Hand Weapons
 a - a +2 war axe (weapon)
 w - a +1 mace of protection
Missiles
 p - 30 poisoned darts (quivered)
Armour
 e - a +0 tower shield (worn)
 s - a +1 cloak of magic resistance (worn)
 v - a +0 plate armour (worn)
Jewellery
 c - a ring of stealth (left hand)
 q - an uncursed ring of protection from cold
 r - an amulet of faith (around neck)
 u - a +4 ring of evasion (right hand)
Wands
 b - a wand of enslavement (8)
 m - a wand of paralysis (4)
Scrolls
 g - 3 scrolls of teleportation
 h - 3 scrolls of amnesia
 o - 3 scrolls of remove curse
 x - a scroll of fog {unknown}
 y - a scroll of identify
 A - a scroll of fear {unknown}
Potions
 d - a potion of might
 i - a potion of haste
 j - a potion of mutation {unknown}
 k - 5 potions of curing
 l - a potion of stabbing {unknown}
 n - 2 potions of heal wounds
 t - 2 potions of lignification {unknown}
Comestibles
 f - 11 rations
 z - a chunk of flesh


   Skills:
 * Level 5.9 Fighting
 * Level 7.7 Axes
 * Level 5.3 Armour
 + Level 0.8 Dodging
 * Level 5.5 Shields


You had 7 spell levels left.
You didn't know any spells.
Your spell library was empty.

Dungeon Overview and Level Annotations

Branches:
Dungeon (5/15)              Sewer (visited)
 Temple: D:4-7

Altars:
Elyvilon
Gozag
Qazlal
Sif Muna
Vehumet
Xom
Zin

Annotations:
D:5 Prince Ribbit


Message History

You have reached level 8!
Prince Ribbit says, "You're just another fly to me."
An orc priest comes into view. It is wielding a +0 flail.
You block the troll's attack. x3
You closely miss the troll.
The orc priest shouts, "Surrender to Beogh and we'll let you live!" (press Y on the ability menu to convert to Beogh)
The orc priest shouts!
The orc priest calls down the wrath of Beogh upon you.
Beogh smites you! You block the troll's attack. The troll claws you! x2
The orc priest shouts, "Join the one true god or die!"
You hit the troll.
The troll is lightly wounded.
The orc priest calls down the wrath of Beogh upon you.
Beogh smites you!
* * * LOW HITPOINT WARNING * * *
You block the troll's attack. The troll claws you!
* * * LOW HITPOINT WARNING * * *
The troll claws you.
You die...

########.##.#### ####
...............##
########.##.....######
#......).......
####...รท....<..
##....####.#
###########.#
#...).......#
#@########..# #T# #..#
#o# #..# ###F### #..#
#..oo.### ...#
#......... ###.
.oT.....o....##.# #
.o#####.....## #.?...#


You could see Prince Ribbit, a troll, an orc priest and 3 orcs.

Vanquished Creatures
  Grinder (D:4)
  A sky beast (D:5)
  An ice beast (D:5)
  2 bullfrogs (Sewer)
  A crimson imp (D:5)
  A centaur zombie (D:5)
  Crazy Yiuf (D:4)
  A bullfrog skeleton (D:4)
  Jessica (D:2)
  Terence (D:3)
  An iguana (D:5)
  A statue (D:4)
  3 gnolls (D:2)
  4 adders
  2 river rats (D:4)
  An adder skeleton (D:4)
  3 worms
  5 dart slugs
  6 leopard geckos
  10 bats
  10 giant cockroaches
  8 goblins
  6 hobgoblins
  8 kobolds
  2 quokkas
  5 ball pythons
  A ball python skeleton (D:3)
  8 frilled lizards
  5 rats
100 creatures vanquished.

Vanquished Creatures (others)
  A frilled lizard (D:3)
1 creature vanquished.

Grand Total: 101 creatures vanquished

Notes
Turn   | Place    | Note
-------+----------+-------------------------------------------
     0 | D:1      | jondo1214 the Hill Orc Fighter began the quest for the Orb.
     0 | D:1      | Reached XP level 1. HP: 19/19 MP: 1/1
   261 | D:1      | You fall into a shaft and drop 1 floor!
   270 | D:2      | Reached XP level 2. HP: 27/27 MP: 2/2
   432 | D:1      | Reached skill level 3 in Axes
   550 | D:1      | Reached XP level 3. HP: 28/33 MP: 3/3
  1013 | D:2      | Noticed Jessica
  1022 | D:2      | Killed Jessica
  1022 | D:2      | Reached XP level 4. HP: 25/41 MP: 4/4
  1025 | D:2      | Reached skill level 4 in Axes
  1492 | D:2      | Reached XP level 5. HP: 34/47 MP: 5/5
  1719 | D:2      | Found a stormy altar of Qazlal.
  1724 | D:2      | Found a shimmering blue altar of Sif Muna.
  1724 | D:2      | Found an opulent altar of Gozag.
  1866 | D:3      | Found a glowing silver altar of Zin.
  1866 | D:3      | Noticed an angel
  1870 | D:3      | Found a shimmering altar of Xom.
  2362 | D:3      | Noticed Terence
  2369 | D:3      | Killed Terence
  2713 | D:4      | Found a radiant altar of Vehumet.
  2713 | D:4      | Noticed a charred statue
  2797 | D:4      | Killed a charred statue
  2797 | D:4      | Reached skill level 5 in Axes
  2859 | D:4      | Found a white marble altar of Elyvilon.
  2860 | D:4      | Noticed Grinder
  2876 | D:4      | Killed Grinder
  2876 | D:4      | Reached skill level 5 in Fighting
  2876 | D:4      | Reached skill level 6 in Axes
  2876 | D:4      | Reached XP level 6. HP: 40/56 MP: 6/6
  3023 | D:4      | Found a glowing drain.
  3065 | Sewer    | Entered a sewer
  3170 | Sewer    | Reached XP level 7. HP: 61/61 MP: 7/7
  3319 | Sewer    | Reached skill level 5 in Shields
  3903 | D:4      | Reached skill level 7 in Axes
  4275 | D:4      | Found a runed translucent door.
  4276 | D:4      | Noticed Crazy Yiuf
  4285 | D:4      | Killed Crazy Yiuf
  4368 | D:5      | Entered Level 5 of the Dungeon
  4621 | D:5      | Reached skill level 5 in Armour
  4642 | D:5      | Noticed a troll
  4643 | D:5      | Noticed Prince Ribbit
  4653 | D:5      | Reached XP level 8. HP: 54/70 MP: 8/8
  4656 | D:5      | Slain by a troll

Illustrated notes

Levels and vault maps discovered:
D:1:      lightli_arrival_windingriver, layout_basic
D:2:      layout_basic, grunt_temple_overflow_open, uniq_jessica
D:3:      layout_basic, grunt_temple_overflow_order_and_chaos_1, first_ration,
          uniq_terence
D:4:      layout_loops_ring, vehumet_statue, cheibrodos_sewer_entry_sluice,
          elyvilon_altar_3, uniq_grinder, uniq_crazy_yiuf_cottage
D:5:      lemuel_upstairs_altar, layout_loops_ring, lemuel_round_altar,
          uniq_prince_ribbit1

Skill      XL: |  1  2  3  4  5  6  7 |
---------------+----------------------+-----
Fighting       | 4 5 |  5.9
Axes           | 3 4 6 7 |  7.7
Shields        | 4 5 |  5.5
Armour         | 4 5 |  5.3
Dodging        | |  0.8

Action                   |  1- 3 |  4- 6 |  7- 9 || total
-------------------------+-------+-------+-------++-------
Melee: War axe           |   115 |   146 |    78 ||   339
  Use: Scroll            |     5 |     7 |     3 ||    15
       Potion            |       |     1 |       ||     1
  Eat: Chunk             |       |     8 |     2 ||    10
       Ration            |       |       |     1 ||     1
Armor: Scale mail        |    77 |    46 |       ||   123
       Chain mail        |       |    23 |    20 ||    43
       Plate armour      |       |       |    16 ||    16
Dodge: Dodged            |    41 |    40 |    23 ||   104
Block: Kite shield       |    86 |    52 |       ||   138
       Tower shield      |       |    86 |    70 ||   156
